 Dungeon Crawl Stone Soup version 0.30-a0-847-g17996783a1 (webtiles) character file.

Game seed: 17141060488784566320

1075 cyrusq56 the Chopper (level 8, -9/68 HPs)
             Began as a Meteoran Fighter on Mar 2, 2023.
             Was a Follower of Fedhas.
             Mangled by a two-headed ogre
             ... wielding a +0 giant club
              (17 damage)
             ... on level 7 of the Dungeon on Mar 3, 2023.
             The game lasted 00:15:07 (2294 turns).

cyrusq56 the Chopper (Meteoran Fighter)             Turns: 2294, Time: 00:15:08

Health: -9/68      AC:  9    Str: 23    XL:     8   Next: 84%
Magic:  9/9        EV: 12    Int:  6    God:    Fedhas [*.....]
Gold:   82         SH:  0    Dex: 14    Spells: 7/7 levels left

rFire   . . .      SeeInvis .    u - +3 battleaxe
rCold   . . .      Faith    .    (shield currently unavailable)
rNeg    . . .      Spirit   .    i - +2 ring mail of Puulof {+Inv Str+3 Int-3}
rPois   .          Reflect  .    (no helmet)
rElec   .          Rampage  .    g - +0 cloak
rCorr   .                        (no gloves)
Will    +....                    (no boots)
Stlth   +                        (no amulet)
HPRegen 0.31/turn                (no ring)
MPRegen 0.11/turn                (no ring)

@: glowing
A: sense surroundings 1, otherworldly, glowing, explore regen
a: Renounce Religion, Evoke Invisibility


You were on level 7 of the Dungeon.
You worshipped Fedhas.
Fedhas was aware of your devotion.
You visited 1 branch of the dungeon, and saw 7 of its levels.
You also visited: Ossuary.

You collected 82 gold pieces.

Inventory:

Hand Weapons
 a - a +2 war axe
 f - a +0 long sword
 u - a +3 battleaxe (weapon)
Armour
 b - a +0 scale mail
 c - a +0 buckler
 g - a +0 cloak (worn)
 i - the +2 ring mail of Puulof (worn) {+Inv Str+3 Int-3}
   (You found it on level 2 of the Dungeon)

   Str:       It affects your strength (+3).
   Int:       It affects your intelligence (-3).
   +Inv:      It lets you turn invisible.
Jewellery
 k - a ring of ice
 w - the ring of Iceq {Str+3 Dex+2 SInv}
   (You found it on level 7 of the Dungeon)

   [ring of see invisible]

   Str:       It affects your strength (+3).
   Dex:       It affects your dexterity (+2).
   SInv:      It lets you see invisible.
Wands
 o - a wand of flame (11)
Scrolls
 h - a scroll of vulnerability {unknown}
 j - 4 scrolls of identify {unknown}
 n - a scroll of blinking {unknown}
 p - 4 scrolls of teleportation {unknown}
 s - a scroll of enchant armour {unknown}
 v - a scroll of amnesia {unknown}
Potions
 d - a potion of might
 e - a potion of degeneration {unknown}
 l - 2 potions of mutation {unknown}
 m - 2 potions of haste {unknown}
 q - a potion of cancellation {unknown}
 r - 2 potions of brilliance {unknown}
 t - 2 potions of curing {unknown}


   Skills:
 + Level 5.3 Fighting
 + Level 7.7 Axes
 + Level 5.3 Armour
 + Level 3.8 Dodging
 + Level 0.6 Stealth
 + Level 5.4 Shields


You had 7 spell levels left.
You didn't know any spells.
Your spell library contained the following spells:

 Spells                   Type           Power      Damage    Failure   Level
 Summon Forest            Summ/Tloc      0%         N/A       100%        5
 Summon Mana Viper        Hex/Summ       0%         N/A       100%        5
 Summon Cactus Giant      Summ           0%         N/A       100%        6


Dungeon Overview and Level Annotations

Branches:
Dungeon (7/15) Zot: 1955  Ossuary (visited)
 Temple: D:4-7

Altars:
Fedhas
Yredelemnul

Shops:
D:5 :

Annotations:
D:4 1 runed translucent door, Zvl3's ghost, amateur MfHu


Innate Abilities, Weirdness & Mutations

You passively map a small area around you.
You are easily found by Zot.
You glow in the dark.
You regain HP and MP as you explore.


Message History

The shadow imp is moderately wounded.
You barely miss the two-headed ogre.
The shadow imp attacks as you move away!
The shadow imp barely misses you.
The two-headed ogre attacks as you move away!
The two-headed ogre barely misses you.
The two-headed ogre hits you with a +0 giant spiked club!
The shadow imp attacks as you move away!
The shadow imp hits you but does no damage.
The shadow imp attacks as you move away!
The shadow imp hits you.
The two-headed ogre attacks as you move away!
The two-headed ogre closely misses you.
The two-headed ogre completely misses you.
The shadow imp summons a swarm of flies.
The shadow imp summons a swarm of flies.
The two-headed ogre attacks as you move away!
The two-headed ogre misses you. The two-headed ogre barely misses you.
The two-headed ogre attacks as you move away!
The two-headed ogre hits you with a +0 giant club!!
The two-headed ogre hits you with a +0 giant spiked club!!
* * * LOW HITPOINT WARNING * * *
The two-headed ogre barely misses you. The two-headed ogre closely misses you.
The shadow imp attacks as you move away!
The shadow imp hits you but does no damage.
The shadow imp attacks as you move away!
The shadow imp misses you. The shadow imp hits you.
* * * LOW HITPOINT WARNING * * *
The shadow imp attacks as you move away!
The shadow imp hits you.
* * * LOW HITPOINT WARNING * * *
You closely miss the shadow imp. The shadow imp hits you.
* * * LOW HITPOINT WARNING * * *
The two-headed ogre attacks as you move away!
The two-headed ogre hits you with a +0 giant club!
* * * LOW HITPOINT WARNING * * *
The two-headed ogre hits you with a +0 giant spiked club!
You die...
Fedhas appreciates your contribution to the ecosystem.

* , *, * ** , , , , *
* #** * , ###. , , ,,
, , * #..#** * , , ,
*****#..#### ,,, , **
#..5O.#* * *, , *
##.##@# * * ######
#.##.# *, , #.....
#.#..# , #..... #)#
#.#..##.. , * #.....
### #.#* #........ *
* ###### ..###.##
#...#.#.. #<..' #..
... #...#. > #####
#.# #.#* #...###.. #
#.###.#######........
#


You could see a two-headed ogre and a shadow imp.

Vanquished Creatures
  Grinder (D:6)
  A centaur (D:6)
  2 phantoms (D:4)
  A bullfrog (D:6)
  Blork the orc (D:5)
  2 scorpions
  4 centaur zombies (Ossuary)
  A jelly (D:4)
  A hound (D:4)
  An orc priest (D:6)
  An orc wizard (D:6)
  6 mummies (Ossuary)
  A gnoll (D:1)
  5 adders
  An ufetubus (D:5)
  A worm (D:2)
  2 dart slugs
  3 orcs
  4 bats (D:1)
  3 endoplasms
  3 giant cockroaches (D:1)
  4 hobgoblins
  6 jackals
  A quokka (D:2)
  2 ball pythons
  3 goblins (D:1)
  4 hobgoblin zombies (Ossuary)
  4 kobolds
  4 rats
  A spectral orc (D:6)
74 creatures vanquished.

Vanquished Creatures (others)
  A sleepcap (D:6)
  A plant (D:3)
  2 withered plants (D:4)
4 creatures vanquished.

Grand Total: 78 creatures vanquished

Notes
Turn   | Place    | Note
-------+----------+-------------------------------------------
     0 | D:1      | cyrusq56 the Meteoran Fighter began the quest for the Orb.
     0 | D:1      | Reached XP level 1. HP: 19/19 MP: 2/2
    81 | D:1      | Reached XP level 2. HP: 26/26 MP: 3/3
   259 | D:1      | Reached XP level 3. HP: 31/31 MP: 4/4
   410 | D:1      | Reached skill level 1 in Dodging
   470 | D:1      | Upgraded the game from 0.30-a0-845-g7c6808c8ce to
                  | 0.30-a0-847-g17996783a1
   476 | D:1      | Glimpsed the power of Zot.
   581 | D:2      | Identified the +2 ring mail of Puulof {+Inv Str+3 Int-3}
   612 | D:2      | Reached XP level 4. HP: 30/38 MP: 5/5
   868 | D:3      | Found a blossoming altar of Fedhas.
   904 | D:3      | Became a worshipper of Fedhas Madash
  1093 | D:4      | Found a runed translucent door.
  1094 | D:4      | Noticed Zvl3's ghost (amateur MfHu)
  1133 | D:4      | Reached skill level 3 in Axes
  1133 | D:4      | Reached XP level 5. HP: 5/46 MP: 6/6
  1186 | D:4      | Noticed a phantom
  1201 | D:4      | Killed a phantom
  1202 | D:4      | Reached skill level 4 in Axes
  1202 | D:4      | Reached XP level 6. HP: 46/52 MP: 7/7
  1428 | D:5      | Entered Level 5 of the Dungeon
  1452 | D:5      | Found Xaanaoh's Book Shop.
  1528 | D:5      | Noticed Blork the orc
  1542 | D:5      | Killed Blork the orc
  1543 | D:5      | Reached skill level 5 in Axes
  1543 | D:5      | Reached XP level 7. HP: 14/59 MP: 8/8
  1556 | D:5      | Found a sand-covered staircase.
  1560 | Ossuary  | Entered an ossuary
  1578 | Ossuary  | Reached skill level 5 in Armour
  1579 | Ossuary  | Reached * piety under Fedhas
  1610 | Ossuary  | Reached skill level 6 in Axes
  1610 | Ossuary  | Reached skill level 5 in Shields
  1695 | D:5      | Reached XP level 8. HP: 63/67 MP: 9/9
  1790 | D:6      | Noticed Grinder
  1798 | D:6      | Paralysed by Grinder for 5 turns
  1819 | D:6      | Killed Grinder
  1820 | D:6      | Reached skill level 7 in Axes
  1976 | D:6      | Reached skill level 5 in Fighting
  2074 | D:6      | Found a basalt altar of Yredelemnul.
  2246 | D:7      | Identified the ring of Iceq {Str+3 Dex+2 SInv}
  2259 | D:7      | Noticed a two-headed ogre
  2294 | D:7      | Mangled by a two-headed ogre

Illustrated notes

Levels and vault maps discovered:
D:1:      onia_arrival_pyramid, layout_loops_ring
D:2:      layout_basic
D:3:      layout_rooms, fedhas_altar_1, kennysheep_doodads
D:4:      layout_cave_pools, grunt_qazlal_sundering,
          minmay_temple_entry_nine_rooms, gammafunk_ghost_grave
D:5:      layout_loops_ring, mainiacjoe_overflow_divided_tiny, elyvilon_altar_3,
          enter_ossuary_5, serial_shops, nicolae_shop_hallway_plus,
          ebering_ghost_disaster_area, uniq_blork_the_orc
D:6:      layout_gridville, yredelemnul_forgotten_temple_becter, minivault_1,
          dk_noncrumbling_3, uniq_grinder, uniq_edmund
D:7:      layout_basic, nicolae_tso_swordbearing_angel, uniq_maggie,
          uniq_menkaure

Skill      XL: |  1  2  3  4  5  6  7  8 |
---------------+-------------------------+-----
Shields        | 4 5 |  5.4
Dodging        | 1 2 3 |  3.8
Armour         | 4 5 |  5.3
Axes           | 3 4 5 6 7 |  7.7
Fighting       | 4 5 |  5.3
Stealth        | |  0.6

Action                     |  1- 3 |  4- 6 |  7- 9 || total
---------------------------+-------+-------+-------++-------
  Melee: War axe           |    67 |    88 |    45 ||   200
         Battleaxe         |       |       |    15 ||    15
  Evoke: Wand              |       |       |     1 ||     1
    Use: Scroll            |     1 |     1 |       ||     2
 Armour: Scale mail        |    55 |       |       ||    55
         Ring mail         |     2 |    49 |    77 ||   128
  Dodge: Dodged            |    42 |    49 |    56 ||   147
  Block: Buckler           |    22 |    21 |    29 ||    72

Table legend: (Time is in decaauts)
 A = Elapsed time spent in this place.
 B = Non-inter-level travel time spent in this place.
 C = Inter-level travel time spent in this place.
 D = Time resting spent in this place.
 E = Time spent auto-exploring this place.
 F = Levels seen in this place.
 G = Mean time per level.
                   A        B        C        D        E       F      G
               +--------+--------+--------+--------+--------+-----+--------+
         Total |   2368 |   2316 |     52 |      0 |      0 |   8 |  296.0 |
       Dungeon |   2244 |   2192 |     52 |      0 |      0 |   7 |  320.6 |
       Ossuary |    123 |    123 |      0 |      0 |      0 |   1 |  123.0 |
               +--------+--------+--------+--------+--------+-----+--------+

Top non-repeatable levels by time:
     D:1: 548 daAuts
     D:6: 405 daAuts
     D:2: 357 daAuts
     D:4: 348 daAuts
     D:3: 227 daAuts
     D:5: 221 daAuts
     D:7: 135 daAuts
 Ossuary: 123 daAuts
